 Dungeon Crawl Stone Soup version 0.29.0-4-gdea44cf6ec (webtiles) character file.

Game seed: 7449752900966176972

8686 qw the Cleaver (level 11, -12/64 HPs)
             Began as a Tengu Warper on Aug 28, 2022.
             Was a Priest of Okawaru.
             Mangled by a two-headed ogre
             ... wielding a +0 giant club
              (18 damage)
             ... on level 10 of the Dungeon.
             The game lasted 00:01:15 (10656 turns).

qw the Cleaver (Tengu Warper)                      Turns: 10656, Time: 00:01:16

Health: -12/64     AC: 16    Str: 19    XL:     11   Next: 34%
Magic:  15/15      EV: 12    Int: 13    God:    Okawaru [***...]
Gold:   620        SH: 12    Dex: 13    Spells: 14/14 levels left

rFire   + + +      SeeInvis .   n - +7 war axe of Cipots {drain, rN+ Str+2 Stlth+}
rCold   . . .      Faith    .   m - +0 kite shield
rNeg    + . .      Spirit   .   b - +3 chain mail {rF+}
rPois   .          Reflect  .   (helmet restricted)
rElec   .          Harm     .   (no cloak)
rCorr   +          Rampage  .   j - +0 pair of gloves
Will    .....                   (boots unavailable)
Stlth   +.........              (no amulet)
HPRegen 0.20/turn               k - ring of resist corrosion
MPRegen 0.14/turn               f - ring of protection from fire

@: about to teleport, heroic, flying quickly and evasively, quick
A: beak, talons 3, nimble flight, horns 1, fire resistance 1
a: Renounce Religion, Heroism


You were on level 10 of the Dungeon.
You worshipped Okawaru.
Okawaru was most pleased with you.
You visited 2 branches of the dungeon, and saw 11 of its levels.
You also visited: Ossuary.

You collected 791 gold pieces.
You spent 171 gold pieces at shops.


Innate Abilities, Weirdness & Mutations

You have a beak for a mouth.
You have claws for feet.
Your magical nature lets you fly swiftly and evasively.
You have a pair of small horns on your head.
Your flesh is heat resistant. (rF+)


   Skills:
 - Level 6.0(11.0) Fighting
 + Level 13.4(18.4) Axes
 - Level 1.0(6.0) Throwing
 - Level 5.1(10.1) Armour
 - Level 4.2(9.2) Dodging
 - Level 8.0(13.0) Shields
 - Level 2.0 Spellcasting
 - Level 2.4 Translocations
 - Level 4.0 Invocations


You had 14 spell levels left.
You didn't know any spells.
Your spell library contained the following spells:

 Spells                   Type           Power      Damage    Failure   Level
 Blink                    Tloc           14%        N/A       91%         2
 Gell's Gravitas          Tloc           7%         N/A       99%         3
 Lesser Beckoning         Tloc           7%         N/A       99%         3
 Teleport Other           Tloc           7%         N/A       99%         3
 Manifold Assault         Tloc           7%         N/A       100%        5

Inventory:

Hand Weapons
 l - a +0 flail
 n - the +7 war axe of Cipots (weapon) {drain, rN+ Str+2 Stlth+}
   (You found it on level 3 of the Dungeon)

   A truly terrible weapon, it drains the life of any living foe it strikes.
   Str:       It affects your strength (+2).
   rN:        It protects you from negative energy.
   Stlth:     It makes you more stealthy.
Missiles
 i - 2 boomerangs (quivered)
Armour
 b - a +3 chain mail of fire resistance (worn)
 c - a +0 cloak
 e - a +0 plate armour
 j - a +0 pair of gloves (worn)
 m - a +0 kite shield (worn)
Jewellery
 f - a ring of protection from fire (right hand)
 k - a ring of resist corrosion (left hand)
Scrolls
 d - a scroll of enchant weapon
 o - a scroll of brand weapon
 r - a scroll of identify
 u - a scroll of teleportation
Potions
 a - a potion of haste
 g - 9 potions of curing
 h - 2 potions of resistance
 p - a potion of heal wounds
 q - 3 potions of might
 w - a potion of mutation
 x - a potion of cancellation

Dungeon Overview and Level Annotations

Branches:
Dungeon (10/15)            Temple (1/1) D:4         Ossuary (visited)
   Lair: D:8-11         Orc: D:9-12

Altars:
Ashenzari
Cheibriados
Dithmenos
Elyvilon
Fedhas
Gozag
Kikubaaqudgha
Makhleb
Nemelex Xobeh
Okawaru
Qazlal
Ru
Sif Muna
Uskayaw
Vehumet
Wu Jian
Xom
Yredelemnul
Zin
The Shining One

Shops:
D:5 !:[=*

Annotations:
D:8 4 runed translucent doors


Message History

You slash something! Okawaru accepts your kill.
You hear a splash. x2
Reactivating autopickup.
You feel a bit more experienced.
You slash the hound! You hit the hound. You block the hound's attack.
The hound bites you but does no damage.
You hit the hound.
You kill the hound!
Okawaru accepts your kill.
You hit the hound. x2; You drain the hound.
You slash the hound! You drain the hound. You block the hound's attack.
The hound misses you.
You closely miss the hound. Your kick misses the hound.
You peck the hound, but do no damage.
The hound is almost dead.
You hit the hound. You slash the hound!
You kill the hound!
Okawaru accepts your kill.
The hound splashes around in the water.
You block the hound's attack. The hound bites you but does no damage.
You hit the hound.
You kill the hound!
Okawaru accepts your kill.
You hit the hound.
The hound splashes around in the water.
You slice the hound!!
You kill the hound!
Okawaru accepts your kill.
The electric eel shoots out a bolt of lightning at you!
The bolt of electricity hits you!
The electric eel shoots out a bolt of lightning at you!
The bolt of electricity misses you.
You see here a hound corpse.
10656 ||| READING 2 scrolls of teleportation.
As you read the scroll of teleportation, it crumbles to dust.
You feel strangely unstable.
The electric eel shoots out a bolt of lightning at you!
The bolt of electricity hits you.
The two-headed ogre hits you with a +0 giant club!!
You die...

~.~~.....~~~~~#
.~~~.~..~~~~~~##
.~~~...~~~~~~..#
..~~~~..~~~~...#
..~~~~.~~.~~...#
.~~~~~.~~~..~.+#
.~~~~~O~~~~....##
..~~.S.@~~~~~...?
..~~.S.~~~~~.....
...~...%))).~....
..............+##
.................
.................
.................
....<............
................


You could see a two-headed ogre and 2 electric eels.

Vanquished Creatures
  A centaur warrior (D:10)
  Maurice (D:10)
  A komodo dragon (D:9)
  2 trolls
  Grinder (D:5)
  A hornet (D:8)
  A slime creature (D:6)
  A vampire (D:9)
  3 yaks (D:10)
  3 wyverns
  An acid dragon (D:8)
  Duvessa (D:4)
  A water moccasin (D:7)
  3 orc warriors
  2 sky beasts
  3 ice beasts
  A black bear (D:7)
  5 ogres
  A wolf (D:10)
  5 centaurs
  4 phantoms
  5 kobold brigands
  A bullfrog (D:8)
  3 scorpions
  Blork the orc (D:5)
  A necrophage (D:5)
  3 gnoll sergeants
  4 wights (D:8)
  Dowan (D:4)
  5 killer bees (D:8)
  11 howler monkeys
  An electric eel (D:10)
  10 hounds
  10 jellies
  2 orc priests
  9 orc wizards
  2 iguanas
  8 mummies (Ossuary)
  11 gnolls
  5 adders
  2 white imps
  3 ufetubi
  2 worms
  2 dart slugs
  19 orcs
  7 ball pythons
  23 endoplasms
  2 giant cockroaches
  3 gnoll zombies (Ossuary)
  8 goblins
  9 hobgoblins
  2 jackals (D:3)
  33 kobolds
  7 quokkas
  7 bats
  A frilled lizard (D:3)
  A hobgoblin zombie (Ossuary)
  2 kobold zombies (Ossuary)
  2 orc zombies (Ossuary)
  5 rats
  2 rat zombies (D:6)
277 creatures vanquished.

Vanquished Creatures (others)
  Lodul (D:10)
  4 ogres (D:10)
  5 fungi (D:6)
  2 plants
12 creatures vanquished.

Grand Total: 289 creatures vanquished

Notes
Turn   | Place    | Note
-------+----------+-------------------------------------------
     0 | D:1      | qw the Tengu Warper began the quest for the Orb.
     0 | D:1      | Reached XP level 1. HP: 12/12 MP: 4/4
     0 | D:1      | 0 ||| qw: Version: 0.1-a-89-g26bdef1
     0 | D:1      | 0 ||| qw: Game counter: 921
     0 | D:1      | 0 ||| qw: Always use a shield: true
     0 | D:1      | 0 ||| qw: God list: Okawaru
     0 | D:1      | 0 ||| qw: Allow faded altars: false
     0 | D:1      | 0 ||| qw: Do Orc after D:15 true
     0 | D:1      | 0 ||| qw: Do second Lair branch before Depths: true
     0 | D:1      | 0 ||| qw: Lair rune preference: random
     0 | D:1      | 0 ||| qw: Plans: Normal
     0 | D:1      | 0 ||| PLANNING D:1-11
    97 | D:1      | Reached XP level 2. HP: 17/17 MP: 6/6
   203 | D:1      | Reached skill level 3 in Axes
   633 | D:1      | Found a faded altar of an unknown god.
   842 | D:1      | 842 ||| UPGRADING to +3 leather armour.
   852 | D:1      | 852 ||| DROPPING +0 leather armour.
   853 | D:1      | 853 ||| READING scroll labelled VISIEKK CENATA.
   854 | D:1      | 854 ||| READING scroll labelled BAYRIPS FEGGU.
   855 | D:1      | 855 ||| DROPPING scroll of blinking.
   927 | D:2      | Reached XP level 3. HP: 21/21 MP: 7/7
  1020 | D:2      | Reached skill level 4 in Axes
  1033 | D:2      | 1033 ||| Stepping ~*~*~tactically~*~*~ (stealth).
  1063 | D:2      | 1063 ||| DROPPING +0 club.
  1436 | D:2      | Reached XP level 4. HP: 26/26 MP: 8/8
  1821 | D:2      | 1821 ||| UPGRADING to +0 scale mail.
  1831 | D:2      | 1831 ||| DROPPING +3 leather armour.
  1832 | D:2      | 1832 ||| UPGRADING to +0 pair of gloves.
  1837 | D:2      | 1837 ||| UPGRADING to +0 kite shield.
  1842 | D:2      | 1842 ||| UPGRADING to ring of resist corrosion.
  1843 | D:2      | 1843 ||| READING scroll labelled ROSTEU MAIS.
  1844 | D:2      | 1844 ||| READING scroll labelled XAPRUKHLOMM.
  1845 | D:2      | 1845 ||| READING scroll labelled PUMUGAI EJILOE.
  1846 | D:2      | 1846 ||| READING scroll labelled MENTI NODI HUTYW.
  1849 | D:2      | 1849 ||| DRINKING 4 puce potions.
  1918 | D:3      | Found a blossoming altar of Fedhas.
  2037 | D:3      | 2037 ||| Stepping ~*~*~tactically~*~*~ (stealth).
  2084 | D:3      | Found a sacrificial altar of Ru.
  2106 | D:3      | 2106 ||| READING scroll of enchant weapon.
  2106 | D:3      | 2106 ||| ENCHANTING +1 hand axe of draining.
  2179 | D:3      | Reached skill level 1 in Shields
  2236 | D:3      | Found an opulent altar of Gozag.
  2491 | D:3      | Identified the +7 war axe of Cipots {drain, rN+ Str+2
                  | Stlth+}
  2493 | D:3      | 2493 ||| SWAPPING to +7 war axe of Cipots {drain, rN+ Str+2
                  | Stlth+}.
  2494 | D:3      | 2494 ||| DROPPING +2 hand axe of draining.
  2502 | D:3      | Found a shimmering blue altar of Sif Muna.
  2504 | D:3      | 2504 ||| UPGRADING to amulet of guardian spirit.
  2509 | D:3      | 2509 ||| UPGRADING to ring of protection from fire.
  2510 | D:3      | 2510 ||| READING scroll labelled FIOKUMN IMIED.
  2511 | D:3      | 2511 ||| READING scroll labelled GANLORID BOTT.
  2579 | D:4      | 2579 ||| Stepping ~*~*~tactically~*~*~ (stealth).
  2582 | D:4      | 2582 ||| Stepping ~*~*~tactically~*~*~ (stealth).
  2635 | D:4      | 2635 ||| Stepping ~*~*~tactically~*~*~ (stealth).
  2636 | D:4      | 2636 ||| Stepping ~*~*~tactically~*~*~ (stealth).
  2644 | D:4      | Gained mutation: Your magical nature lets you fly swiftly
                  | and evasively. [Tengu growth]
  2644 | D:4      | Reached XP level 5. HP: 25/30 MP: 6/9
  2648 | D:4      | 2648 ||| FLEEEEING.
  2649 | D:4      | 2649 ||| FLEEEEING.
  2650 | D:4      | 2650 ||| FLEEEEING.
  2651 | D:4      | 2651 ||| FLEEEEING.
  2652 | D:4      | 2652 ||| FLEEEEING.
  2653 | D:4      | 2653 ||| FLEEEEING.
  2654 | D:4      | 2654 ||| FLEEEEING.
  2655 | D:4      | 2655 ||| FLEEEEING.
  2656 | D:4      | 2656 ||| FLEEEEING.
  2657 | D:4      | 2657 ||| FLEEEEING.
  2658 | D:4      | 2658 ||| FLEEEEING.
  2659 | D:4      | 2659 ||| FLEEEEING.
  2660 | D:4      | 2660 ||| FLEEEEING.
  2661 | D:4      | 2661 ||| FLEEEEING.
  2662 | D:4      | 2662 ||| FLEEEEING.
  2663 | D:4      | 2663 ||| FLEEEEING.
  2664 | D:4      | 2664 ||| FLEEEEING.
  2665 | D:4      | 2665 ||| FLEEEEING.
  2666 | D:4      | 2666 ||| FLEEEEING.
  2667 | D:4      | 2667 ||| FLEEEEING.
  2671 | D:4      | 2671 ||| FLEEEEING.
  2845 | D:4      | Reached skill level 3 in Shields
  2885 | D:4      | Noticed a phantom
  2892 | D:4      | Killed a phantom
  2893 | D:4      | Reached skill level 5 in Axes
  2893 | D:4      | Reached XP level 6. HP: 35/35 MP: 10/10
  2907 | D:4      | Found a glowing golden altar of the Shining One.
  2943 | D:4      | Noticed Duvessa
  2943 | D:4      | Noticed Dowan
  2944 | D:4      | 2944 ||| Stepping ~*~*~tactically~*~*~ (stealth).
  2947 | D:4      | 2947 ||| Stepping ~*~*~tactically~*~*~ (stealth).
  2952 | D:4      | 2952 ||| Stepping ~*~*~tactically~*~*~ (stealth).
  2953 | D:4      | Killed Duvessa
  2954 | D:4      | Reached skill level 6 in Axes
  2958 | D:4      | 2958 ||| Stepping ~*~*~tactically~*~*~ (hiding).
  2963 | D:4      | Killed Dowan
  3176 | D:4      | Reached XP level 7. HP: 40/40 MP: 11/11
  3341 | D:4      | Found a staircase to the Ecumenical Temple.
  3342 | D:4      | 3342 ||| PLANNING TEMPLE
  3342 | D:4      | 3342 ||| UPGRADING to +0 chain mail.
  3352 | D:4      | 3352 ||| DROPPING +0 scale mail.
  3353 | D:4      | 3353 ||| READING scroll labelled DETRU DOHA.
  3354 | D:4      | 3354 ||| READING 2 scrolls labelled VUUGORH ZIUNAPH.
  3355 | D:4      | 3355 ||| READING scroll labelled EMIRRA VAFOZURIT.
  3356 | D:4      | 3356 ||| READING scroll labelled EDAISY CAGY.
  3357 | D:4      | 3357 ||| DROPPING scroll of noise.
  3358 | D:4      | 3358 ||| Stepping randomly (stuck).
  3359 | D:4      | 3359 ||| Stepping ~*~*~tactically~*~*~ (cloud).
  3661 | Temple   | Entered the Ecumenical Temple
  3760 | Temple   | 3760 ||| PLANNING D:1-11
  3784 | D:5      | Entered Level 5 of the Dungeon
  3949 | D:5      | 3949 ||| Stepping ~*~*~tactically~*~*~ (stealth).
  3951 | D:5      | 3951 ||| Stepping ~*~*~tactically~*~*~ (stealth).
  4052 | D:5      | Found Iphous's Assorted Antiques.
  4061 | D:5      | 4061 ||| BUYING potion of curing (75 gold).
  4061 | D:5      | Bought a potion of curing for 75 gold pieces
  4061 | D:5      | 4061 ||| SHOPLISTING silver ring (125 gold, have 93).
  4097 | D:5      | Reached skill level 7 in Axes
  4129 | D:5      | Reached skill level 3 in Fighting
  4160 | D:5      | Noticed Grinder
  4162 | D:5      | 4162 ||| Stepping ~*~*~tactically~*~*~ (hiding).
  4163 | D:5      | Paralysed by Grinder for 5 turns
  4173 | D:5      | Paralysed by Grinder for 3 turns
  4178 | D:5      | Killed Grinder
  4179 | D:5      | Reached skill level 8 in Axes
  4179 | D:5      | Reached XP level 8. HP: 40/46 MP: 10/12
  4304 | D:5      | Found Qovvaunt's Antique Armour Boutique.
  4310 | D:5      | 4310 ||| SHOPLISTING glowing chain mail (180 gold, have
                  | 109).
  4328 | D:5      | 4328 ||| Stepping ~*~*~tactically~*~*~ (stealth).
  4377 | D:5      | 4377 ||| Stepping ~*~*~tactically~*~*~ (stealth).
  4401 | D:5      | 4401 ||| Stepping ~*~*~tactically~*~*~ (stealth).
  4403 | D:5      | 4403 ||| Stepping ~*~*~tactically~*~*~ (stealth).
  4404 | D:5      | 4404 ||| Stepping ~*~*~tactically~*~*~ (stealth).
  4430 | D:5      | 4430 ||| Stepping ~*~*~tactically~*~*~ (stealth).
  4487 | D:5      | 4487 ||| Stepping ~*~*~tactically~*~*~ (stealth).
  4488 | D:5      | 4488 ||| Stepping ~*~*~tactically~*~*~ (stealth).
  4500 | D:5      | Reached skill level 3 in Armour
  4584 | D:5      | Identified the +3 ring mail of the Iron City of Dis {Dex+3}
  4610 | D:5      | Found Jusihist's Distillery.
  4618 | D:5      | 4618 ||| BUYING potion of curing (36 gold).
  4618 | D:5      | Bought a potion of curing for 36 gold pieces
  4618 | D:5      | 4618 ||| SHOPLISTING potion of haste (120 gold, have 73).
  4618 | D:5      | 4618 ||| BUYING potion of heal wounds (60 gold).
  4618 | D:5      | Bought a potion of heal wounds for 60 gold pieces
  4618 | D:5      | 4618 ||| SHOPLISTING potion of might (48 gold, have 13).
  4618 | D:5      | 4618 ||| SHOPLISTING potion of resistance (120 gold, have
                  | 13).
  4619 | D:5      | Noticed Blork the orc
  4620 | D:5      | 4620 ||| Stepping ~*~*~tactically~*~*~ (hiding).
  4628 | D:5      | Killed Blork the orc
  4695 | D:5      | 4695 ||| DRINKING 7 potions of curing.
  4695 | D:5      | 4695 ||| (to cure confusion)
  4714 | D:5      | Found Culoam's Book Emporium.
  5175 | D:5      | Found Ycips's Jewellery Emporium.
  5178 | D:5      | 5178 ||| SHOPLISTING +6 ring of dexterity (468 gold, have
                  | 21).
  5178 | D:5      | 5178 ||| SHOPLISTING +6 ring of strength (468 gold, have
                  | 21).
  5178 | D:5      | 5178 ||| SHOPLISTING amulet of reflection (390 gold, have
                  | 21).
  5178 | D:5      | 5178 ||| SHOPLISTING amulet of regeneration (390 gold, have
                  | 21).
  5178 | D:5      | 5178 ||| SHOPLISTING ring of positive energy (260 gold,
                  | have 21).
  5178 | D:5      | 5178 ||| SHOPLISTING ring of protection from cold (325
                  | gold, have 21).
  5178 | D:5      | 5178 ||| SHOPLISTING ring of see invisible (195 gold, have
                  | 21).
  5242 | D:5      | 5242 ||| DROPPING +3 ring mail of the Iron City of Dis
                  | {Dex+3}.
  5343 | D:6      | 5343 ||| PLANNING OSSUARY
  5448 | D:6      | 5448 ||| Stepping ~*~*~tactically~*~*~ (stealth).
  5449 | D:6      | 5449 ||| Stepping ~*~*~tactically~*~*~ (stealth).
  5457 | D:6      | 5457 ||| Stepping ~*~*~tactically~*~*~ (hiding).
  5464 | D:6      | 5464 ||| Stepping ~*~*~tactically~*~*~ (stealth).
  5465 | D:6      | 5465 ||| Stepping ~*~*~tactically~*~*~ (stealth).
  5466 | D:6      | 5466 ||| Stepping ~*~*~tactically~*~*~ (stealth).
  5478 | D:6      | Reached skill level 9 in Axes
  5702 | D:6      | Noticed a slime creature
  5711 | D:6      | Killed a slime creature
  5714 | D:6      | Reached XP level 9. HP: 52/52 MP: 13/13
  5721 | D:6      | Reached skill level 6 in Shields
  5979 | D:6      | Found a sand-covered staircase.
  5980 | D:6      | 5980 ||| READING scroll labelled HILEWIR CIFOLO.
  5981 | D:6      | 5981 ||| READING 3 scrolls of identify.
  5981 | D:6      | 5981 ||| IDENTIFYING dark potion
  5982 | D:6      | 5982 ||| READING 2 scrolls of identify.
  5982 | D:6      | 5982 ||| IDENTIFYING fizzy blue potion
  5993 | Ossuary  | Entered an ossuary
  6259 | Ossuary  | 6259 ||| READING scroll labelled QEACZEGGIO.
  6360 | Ossuary  | 6360 ||| DRINKING 2 metallic purple potions.
  6361 | Ossuary  | 6361 ||| DRINKING 2 green potions.
  6362 | Ossuary  | 6362 ||| DRINKING 3 viscous yellow potions.
  6363 | Ossuary  | 6363 ||| DROPPING potion of attraction.
  6364 | Ossuary  | 6364 ||| DROPPING potion of flight.
  6365 | Ossuary  | 6365 ||| DROPPING 2 potions of brilliance.
  6391 | D:6      | 6391 ||| PLANNING D:1-11
  6414 | D:6      | Found a broken altar of Ashenzari.
  6619 | D:6      | 6619 ||| Stepping ~*~*~tactically~*~*~ (stealth).
  6623 | D:6      | 6623 ||| Stepping ~*~*~tactically~*~*~ (hiding).
  6631 | D:6      | Reached skill level 10 in Axes
  6821 | D:6      | 6821 ||| DROPPING +0 whip.
  6892 | D:7      | Reached skill level 3 in Dodging
  6980 | D:7      | 6980 ||| Stepping ~*~*~tactically~*~*~ (stealth).
  7149 | D:7      | 7149 ||| DRINKING 7 potions of curing.
  7149 | D:7      | 7149 ||| (to cure confusion)
  7268 | D:7      | 7268 ||| Stepping ~*~*~tactically~*~*~ (stealth).
  7272 | D:7      | Reached skill level 11 in Axes
  7413 | D:7      | 7413 ||| FLEEEEING.
  7414 | D:7      | 7414 ||| FLEEEEING.
  7415 | D:7      | 7415 ||| FLEEEEING.
  7419 | D:7      | 7419 ||| FLEEEEING.
  7420 | D:7      | 7420 ||| FLEEEEING.
  7424 | D:7      | 7424 ||| FLEEEEING.
  7428 | D:7      | 7428 ||| FLEEEEING.
  7429 | D:7      | 7429 ||| FLEEEEING.
  7442 | D:7      | 7442 ||| FLEEEEING.
  7443 | D:7      | 7443 ||| FLEEEEING.
  7444 | D:7      | 7444 ||| FLEEEEING.
  7445 | D:7      | 7445 ||| FLEEEEING.
  7446 | D:7      | 7446 ||| FLEEEEING.
  7447 | D:7      | 7447 ||| FLEEEEING.
  7448 | D:7      | 7448 ||| FLEEEEING.
  7449 | D:7      | 7449 ||| FLEEEEING.
  7450 | D:7      | 7450 ||| FLEEEEING.
  7454 | D:7      | 7454 ||| FLEEEEING.
  7455 | D:7      | 7455 ||| FLEEEEING.
  7456 | D:7      | 7456 ||| FLEEEEING.
  7457 | D:7      | 7457 ||| FLEEEEING.
  7458 | D:7      | 7458 ||| FLEEEEING.
  7459 | D:7      | 7459 ||| FLEEEEING.
  7461 | D:7      | 7461 ||| FLEEEEING.
  7462 | D:7      | 7462 ||| FLEEEEING.
  7463 | D:7      | 7463 ||| FLEEEEING.
  7464 | D:7      | 7464 ||| FLEEEEING.
  7465 | D:7      | 7465 ||| FLEEEEING.
  7466 | D:7      | 7466 ||| FLEEEEING.
  7467 | D:7      | 7467 ||| FLEEEEING.
  7468 | D:7      | 7468 ||| FLEEEEING.
  7469 | D:7      | 7469 ||| FLEEEEING.
  7470 | D:7      | 7470 ||| FLEEEEING.
  7471 | D:7      | 7471 ||| FLEEEEING.
  7472 | D:7      | 7472 ||| STAIRDANCE
  7625 | D:6      | 7625 ||| READING scroll labelled CEPAN SOSSA.
  7626 | D:6      | 7626 ||| DRINKING 2 fuming sapphire potions.
  7626 | D:6      | Gained mutation: Your flesh is heat resistant. (rF+)
                  | [potion of mutation]
  7626 | D:6      | Gained mutation: You have a pair of small horns on your
                  | head. [potion of mutation]
  7836 | D:7      | Found an iron altar of Okawaru.
  7844 | D:7      | Became a worshipper of Warmaster Okawaru
  7845 | D:7      | 7845 ||| REMOVING amulet of guardian spirit.
  7940 | D:7      | 7940 ||| DROPPING amulet of guardian spirit.
  8015 | D:8      | 8015 ||| STAIRDANCE
  8020 | D:8      | 8020 ||| STAIRDANCE
  8027 | D:8      | 8027 ||| STAIRDANCE
  8077 | D:8      | Found a white marble altar of Elyvilon.
  8084 | D:8      | 8084 ||| Stepping ~*~*~tactically~*~*~ (stealth).
  8093 | D:8      | Reached XP level 10. HP: 51/59 MP: 14/14
  8093 | D:8      | 8093 ||| FLEEEEING.
  8094 | D:8      | 8094 ||| FLEEEEING.
  8095 | D:8      | 8095 ||| FLEEEEING.
  8096 | D:8      | 8096 ||| FLEEEEING.
  8097 | D:8      | 8097 ||| FLEEEEING.
  8098 | D:8      | 8098 ||| FLEEEEING.
  8099 | D:8      | 8099 ||| FLEEEEING.
  8100 | D:8      | 8100 ||| FLEEEEING.
  8101 | D:8      | 8101 ||| FLEEEEING.
  8104 | D:8      | 8104 ||| FLEEEEING.
  8105 | D:8      | 8105 ||| FLEEEEING.
  8106 | D:8      | 8106 ||| FLEEEEING.
  8107 | D:8      | 8107 ||| FLEEEEING.
  8181 | D:8      | Found a large runed translucent door.
  8181 | D:8      | Found a large runed translucent door.
  8185 | D:8      | Found a large runed translucent door.
  8185 | D:8      | Found a large runed translucent door.
  8187 | D:8      | Noticed a boulder beetle
  8205 | D:8      | Identified the +7 spear "Xeuhesip" {pain, Int+4}
  8224 | D:8      | 8224 ||| Stepping ~*~*~tactically~*~*~ (stealth).
  8308 | D:8      | 8308 ||| Stepping ~*~*~tactically~*~*~ (stealth).
  8348 | D:8      | 8348 ||| FLEEEEING.
  8357 | D:8      | 8357 ||| FLEEEEING.
  8360 | D:8      | HP: 14/59 [white imp/puff of frost (7)]
  8361 | D:8      | 8361 ||| READING scroll of teleportation.
  8362 | D:8      | 8362 ||| DRINKING potion of heal wounds.
  8364 | D:8      | Reached * piety under Okawaru
  8365 | D:8      | Reached skill level 12 in Axes
  8365 | D:8      | 8365 ||| INVOKING Heroism.
  8367 | D:8      | 8367 ||| Stepping ~*~*~tactically~*~*~ (hiding).
  8374 | D:8      | 8374 ||| Stepping ~*~*~tactically~*~*~ (hiding).
  8377 | D:8      | 8377 ||| INVOKING Heroism.
  8640 | D:8      | Reached skill level 1 in Invocations
  8640 | D:8      | 8640 ||| INVOKING Heroism.
  8761 | D:8      | 8761 ||| Stepping ~*~*~tactically~*~*~ (stealth).
  8763 | D:8      | 8763 ||| INVOKING Heroism.
  8820 | D:8      | Found a hide-covered altar of Uskayaw.
  8922 | D:8      | 8922 ||| Stepping ~*~*~tactically~*~*~ (hiding).
  8965 | D:8      | Found a radiant altar of Vehumet.
  8985 | D:8      | Identified the +10 dagger "Pitonou" {vorpal, rElec rPois
                  | rF+}
  9076 | D:8      | Paralysed by a hornet for 3 turns
  9080 | D:8      | Reached skill level 6 in Fighting
  9301 | D:8      | 9301 ||| Stepping ~*~*~tactically~*~*~ (hiding).
  9303 | D:8      | 9303 ||| Stepping ~*~*~tactically~*~*~ (hiding).
  9305 | D:8      | 9305 ||| Stepping ~*~*~tactically~*~*~ (hiding).
  9306 | D:8      | 9306 ||| Stepping ~*~*~tactically~*~*~ (hiding).
  9316 | D:8      | 9316 ||| Stepping ~*~*~tactically~*~*~ (stealth).
  9320 | D:8      | 9320 ||| INVOKING Heroism.
  9502 | D:8      | 9502 ||| UPGRADING to +3 chain mail of fire resistance.
  9512 | D:8      | 9512 ||| DROPPING +0 chain mail.
  9513 | D:8      | 9513 ||| READING scroll labelled GUEBEO CAUV.
  9641 | D:8      | 9641 ||| READING 2 scrolls of identify.
  9641 | D:8      | 9641 ||| IDENTIFYING viscous grey potion
  9642 | D:8      | 9642 ||| DROPPING potion of lignification.
  9692 | D:9      | Found a basalt altar of Yredelemnul.
  9694 | D:9      | 9694 ||| Stepping ~*~*~tactically~*~*~ (hiding).
  9696 | D:9      | 9696 ||| INVOKING Heroism.
  9702 | D:9      | Reached skill level 3 in Invocations
  9783 | D:9      | 9783 ||| INVOKING Heroism.
  9784 | D:9      | 9784 ||| DRINKING 9 potions of curing.
  9784 | D:9      | 9784 ||| (to cure confusion)
  9846 | D:9      | 9846 ||| Stepping ~*~*~tactically~*~*~ (stealth).
  9964 | D:9      | 9964 ||| INVOKING Heroism.
  9969 | D:9      | Reached ** piety under Okawaru
 10213 | D:9      | 10213 ||| FLEEEEING.
 10214 | D:9      | 10214 ||| FLEEEEING.
 10215 | D:9      | 10215 ||| FLEEEEING.
 10216 | D:9      | 10216 ||| FLEEEEING.
 10217 | D:9      | 10217 ||| FLEEEEING.
 10218 | D:9      | 10218 ||| FLEEEEING.
 10219 | D:9      | 10219 ||| FLEEEEING.
 10220 | D:9      | 10220 ||| FLEEEEING.
 10232 | D:9      | 10232 ||| FLEEEEING.
 10257 | D:9      | 10257 ||| Stepping ~*~*~tactically~*~*~ (stealth).
 10359 | D:9      | 10359 ||| Stepping ~*~*~tactically~*~*~ (stealth).
 10362 | D:9      | 10362 ||| INVOKING Heroism.
 10394 | D:9      | 10394 ||| Stepping ~*~*~tactically~*~*~ (stealth).
 10439 | D:9      | 10439 ||| Stepping ~*~*~tactically~*~*~ (stealth).
 10454 | D:9      | Reached XP level 11. HP: 55/64 MP: 15/15
 10523 | D:9      | Found an ornate altar of the Wu Jian Council.
 10556 | D:9      | 10556 ||| DRINKING 2 white potions.
 10557 | D:9      | 10557 ||| READING 2 scrolls of identify.
 10557 | D:9      | 10557 ||| IDENTIFYING inky potion
 10558 | D:9      | 10558 ||| DROPPING potion of degeneration.
 10565 | D:10     | Entered Level 10 of the Dungeon
 10565 | D:10     | Noticed Maurice
 10572 | D:10     | Killed Lodul
 10575 | D:10     | Killed Maurice
 10611 | D:10     | Noticed a centaur warrior
 10615 | D:10     | Killed a centaur warrior
 10615 | D:10     | Reached *** piety under Okawaru
 10616 | D:10     | Reached skill level 13 in Axes
 10619 | D:10     | 10619 ||| INVOKING Heroism.
 10628 | D:10     | Noticed a four-headed hydra
 10628 | D:10     | 10628 ||| SWAPPING to +0 flail.
 10629 | D:10     | HP: 16/64 [four-headed hydra (13)]
 10630 | D:10     | 10630 ||| READING 3 scrolls of teleportation.
 10631 | D:10     | 10631 ||| DRINKING 2 potions of heal wounds.
 10634 | D:10     | 10634 ||| SWAPPING to +7 war axe of Cipots {drain, rN+
                  | Str+2 Stlth+}.
 10637 | D:10     | 10637 ||| INVOKING Heroism.
 10648 | D:10     | Noticed a two-headed ogre
 10655 | D:10     | HP: 11/64 [electric eel/bolt of electricity (11)]
 10656 | D:10     | 10656 ||| READING 2 scrolls of teleportation.
 10656 | D:10     | Mangled by a two-headed ogre

Levels and vault maps discovered:
D:1:      zelgadis_glass_arrival_small, layout_basic, basic_ecumenical_altar,
          interstate_on_off, chequers_mini_garden
D:2:      layout_loops_corners, minmay_pentomino_pile
D:3:      layout_loops_cross, lemuel_coloured_pillars_altar, fedhas_altar_1,
          mainiacjoe_overflow_brackets, nicolae_ru_awakened_eye
D:4:      layout_gridville, tso_oasis_becter,
          minmay_temple_entry_enclosed_plants, minmay_cupped, uniq_duvessa
D:5:      layout_layer_cave, serial_shops, kennysheep_mini,
          nicolae_shop_statue_plus, nicolae_square_shop, shop,
          nicolae_shop_advertising_works [nicolae_subvault_shop_adworks],
          st_stairs_11, uniq_grinder, uniq_blork_the_orc
D:6:      lemuel_slime, layout_cave_pools, mainiacjoe_overflow_alcove_2,
          enter_ossuary_4
D:7:      layout_basic, okawaru_altar_gauntlet_db
D:8:      layout_basic, elyvilon_altar_1, lemuel_doored_altar,
          nicolae_vehumet_radiance, minmay_hollow_rounded_squares
D:9:      layout_roguey, mainiacjoe_overflow_chevrons, nzn_wu_jian_council_hall
D:10:     minmay_distorted_concentric_squares, layout_gridville, bloody_trog,
          kennysheep_mini_moat, erik_lair_island, serial_shops, shop,
          lemuel_flamethrower_2, uniq_maurice, uniq_lodul, uniq_joseph
Temple:   hellmonk_temple_beads

Skill      XL: |  1  2  3  4  5  6  7  8  9 10 11 |
---------------+----------------------------------+-----
Axes           | 3 4 5 6 8 9 11 12 13 | 13.4
Shields        | 2 3 4 5 6 8 |  8.0
Armour         | 2 3 4 5 |  5.1
Fighting       | 3 4 5 6 |  6.0
Dodging        | 3 4 |  4.2
Invocations    | 4 |  4.0
Throwing       | |  1.0
Spellcasting   | |  2.0
Translocations | |  2.4

Action                   |  1- 3 |  4- 6 |  7- 9 | 10-12 || total
-------------------------+-------+-------+-------+-------++-------
Melee: Hand axe          |    71 |    29 |       |       ||   100
       Kick              |    16 |    18 |    53 |    38 ||   125
       Peck              |    13 |     6 |    29 |    20 ||    68
       Punch             |     1 |       |       |       ||     1
       War axe           |       |    44 |   214 |   154 ||   412
       Headbutt          |       |       |     3 |    22 ||    25
       Flail             |       |       |       |     3 ||     3
Throw: Boomerang         |     7 |    13 |    32 |    50 ||   102
Invok: Heroism           |       |       |       |    11 ||    11
  Use: Scroll            |     2 |     7 |     9 |     6 ||    24
       Potion            |       |     1 |     6 |     4 ||    11
 Stab: Distracted        |     1 |       |       |       ||     1
Armor: Leather armour    |    21 |       |       |       ||    21
       Scale mail        |       |     7 |       |       ||     7
       Chain mail        |       |       |    71 |    47 ||   118
Dodge: Dodged            |    35 |    16 |    56 |    51 ||   158
Block: Kite shield       |       |    21 |    70 |    87 ||   178

Table legend:
 A = Non-vault XP
 B = Vault XP
 C = Vault XP percentage of total XP
 D = Non-vault monster count
 E = Vault monster count
 F = Vault count percentage of total count
                 A         B        C        D         E       F
            +---------+---------+-------+---------+---------+-------
      Total |    7369 |    5040 |  40.6 |     198 |      79 |  28.5
            +---------+---------+-------+---------+---------+-------
        D:1 |      33 |       0 |   0.0 |      20 |       0 |   0.0
        D:2 |      52 |       5 |   8.8 |      17 |       3 |  15.0
        D:3 |      32 |       0 |   0.0 |      14 |       0 |   0.0
        D:4 |     366 |     225 |  38.1 |      18 |       5 |  21.7
        D:5 |     563 |     541 |  49.0 |      12 |       5 |  29.4
        D:6 |     617 |     620 |  50.1 |      17 |      24 |  58.5
        D:7 |    1319 |      48 |   3.5 |      23 |       6 |  20.7
        D:8 |    1600 |    1148 |  41.8 |      34 |       8 |  19.0
        D:9 |    1977 |       0 |   0.0 |      28 |       0 |   0.0
       D:10 |     810 |    2303 |  74.0 |      15 |      12 |  44.4
    Ossuary |       0 |     150 | 100.0 |       0 |      16 | 100.0
            +---------+---------+-------+---------+---------+-------
